 Dungeon Crawl Stone Soup version 0.27-a0-887-gcab673c142 (webtiles) character file.

Game seed: 18098318715863142019

173829 wakim the Tortoise (level 17, -16/156 HPs)
             Began as a Minotaur Fighter on Apr 3, 2021.
             Was the Champion of Wu Jian.
             Demolished by Donald
             ... wielding a +3 broad axe of flaming
              (22 damage)
             ... on level 3 of the Swamp.
             The game lasted 02:14:58 (31485 turns).

wakim the Tortoise (Minotaur Fighter)              Turns: 31485, Time: 02:14:59

Health: -16/156    AC: 28    Str: 34    XL:     17   Next: 43%
Magic:  25/25      EV: 13    Int:  5    God:    Wu Jian [******]
Gold:   1858       SH:  0    Dex: 10    Spells: 16/16 levels left

rFire    + + +     SeeInvis +   a - +10 morningstar "Jellyslayer" {vorpal, rF+ rN+}
rCold    . . .     Faith    .   c - +0 kite shield
rNeg     + + +     Spirit   .   M - +1 plate armour of Privacy {+Inv rElec Stlth+}
rPois    +         Reflect  .   l - +2 hat
rElec    +         Harm     .   P - +0 cloak of Foabeploax {rF+ Regen+}
rCorr    .         Rampage  .   h - +2 pair of gloves of Inquiry {rPois MP+9 Stlth+}
Will     ++...                  e - +0 pair of boots
Stlth    ..........             y - amulet of Qeachod {*Slow +Blink rF+++ Regen+ SInv}
HPRegen  2.36/turn              m - +6 ring of strength
MPRegen  0.19/turn              L - ring "Ozo Haor" {rN++ Will+}

@: confused, ambrosia-drunk, serpent's lash
A: horns 2, retaliatory headbutt
a: Renounce Religion, Evoke Blink, Evoke Invisibility, Wall Jump, Serpent's
Lash, Heavenly Storm


You were on level 3 of the Swamp.
You worshipped Wu Jian.
Wu Jian was exalted by your worship.
You visited 5 branches of the dungeon, and saw 28 of its levels.
You visited the Abyss 1 time.
You visited 1 bazaar.
You also visited: Bailey.

You collected 3780 gold pieces.
You spent 1922 gold pieces at shops.

Inventory:

Hand Weapons
 a - the +10 morningstar "Jellyslayer" (weapon) {vorpal, rF+ rN+}
   (You acquired it on level 4 of the Lair of Beasts)

   It inflicts extra damage upon your enemies.
   It protects you from fire.
   It protects you from negative energy.
 b - a +0 hand crossbow
 d - the +9 whip of Patterns {protect, rF++}
   (You found it on level 6 of the Lair of Beasts)

   It grants its wielder temporary protection when it strikes (+7 to AC).
   It greatly protects you from fire.
Missiles
 f - 2 curare-tipped darts
 g - 149 bolts
 n - 12 throwing nets
 o - 13 boomerangs of dispersal
Armour
 c - a +0 kite shield (worn)
 e - a +0 pair of boots (worn)
 h - the +2 pair of gloves of Inquiry (worn) {rPois MP+9 Stlth+}
   (You bought it in a shop on level 2 of the Orcish Mines)

   It protects you from poison.
   It affects your magic capacity (+9).
   It makes you more stealthy.
 l - a +2 hat (worn)
 M - the +1 plate armour of Privacy (worn) {+Inv rElec Stlth+}
   (You bought it in a shop on level 2 of the Orcish Mines)

   It insulates you from electricity.
   It lets you turn invisible.
   It makes you more stealthy.
 P - the +0 cloak of Foabeploax (worn) {rF+ Regen+}
   (You acquired it on level 1 of the Swamp)

   It protects you from fire.
   It increases your rate of health regeneration.
Jewellery
 j - a ring of protection from cold
 k - a +4 ring of slaying
 m - a +6 ring of strength (left hand)
 q - a +4 ring of protection
 s - a ring of resist corrosion
 y - the amulet of Qeachod (around neck) {*Slow +Blink rF+++ Regen+ SInv}
   (You acquired it on level 5 of the Lair of Beasts)

   [amulet of regeneration]

   It renders you almost immune to fire.
   It lets you see invisible.
   It lets you blink.
   It increases your rate of health regeneration.
   It may slow you when you take damage.
 L - the ring "Ozo Haor" (right hand) {rN++ Will+}
   (You bought it in a shop in a bazaar)

   [ring of willpower]

   It greatly protects you from negative energy.
   It increases your willpower.
Wands
 t - a wand of digging (10)
 u - a wand of mindburst (13)
 v - a wand of flame (57)
 w - a wand of acid (14) (quivered)
 x - a wand of iceblast (14)
 z - a wand of polymorph (44)
Scrolls
 i - 8 scrolls of enchant weapon
 p - 4 scrolls of enchant armour
 r - 5 scrolls of identify
 R - 3 scrolls of magic mapping
 S - a scroll of summoning
 T - 10 scrolls of teleportation
 U - a scroll of fear
 X - 2 scrolls of fog
 Y - a scroll of blinking
 Z - a scroll of silence
Potions
 A - 6 potions of ambrosia
 B - 5 potions of attraction
 C - a potion of berserk rage
 D - 5 potions of brilliance
 E - a potion of cancellation
 F - 7 potions of curing
 G - 5 potions of flight
 H - 3 potions of haste
 I - 2 potions of invisibility
 J - 2 potions of heal wounds
 K - a potion of magic
 N - 5 potions of might
 O - a potion of resistance


   Skills:
 + Level 15.1 Fighting
 * Level 17.4 Maces & Flails
 - Level 10.0 Crossbows
 + Level 17.5 Armour
 + Level 13.6 Dodging
 + Level 15.8 Shields


You had 16 spell levels left.
You didn't know any spells.
Your spell library contained the following spells:

 Spells                   Type           Power      Damage    Failure   Level
 Animate Skeleton         Necr           0%         N/A       91%         1
 Apportation              Tloc           0%         N/A       91%         1
 Beastly Appendage        Tmut           0%         N/A       91%         1
 Corona                   Hex            0%         N/A       91%         1
 Foxfire                  Conj/Fire      0%         2x1d4     91%         1
 Magic Dart               Conj           0%         1d3       91%         1
 Pain                     Necr           0%         1d4       91%         1
 Summon Small Mammal      Summ           0%         N/A       91%         1
 Blink                    Tloc           N/A        N/A       97%         2
 Call Imp                 Summ           0%         N/A       97%         2
 Poisonous Vapours        Pois/Air       0%         N/A       97%         2
 Slow                     Hex            0%         N/A       97%         2
 Wereblood                Tmut           0%         N/A       97%         2
 Confusing Touch          Hex            0%         N/A       99%         3
 Conjure Flame            Conj/Fire      0%         6-21      99%         3
 Gell's Gravitas          Tloc           0%         N/A       99%         3
 Inner Flame              Hex/Fire       0%         N/A       99%         3
 Mephitic Cloud           Conj/Pois/Air  0%         N/A       99%         3
 Spider Form              Tmut/Pois      0%         N/A       99%         3
 Cause Fear               Hex            0%         N/A       100%        4
 Ice Form                 Ice/Tmut       0%         N/A       100%        4
 Petrify                  Tmut/Erth      0%         N/A       100%        4
 Sticky Flame             Conj/Fire      0%         2d3       100%        4
 Borgnjor's Vile Clutch   Necr/Erth      0%         N/A       100%        5
 Fireball                 Conj/Fire      0%         3d3       100%        5
 Hydra Form               Tmut           0%         N/A       100%        5
 Metabolic Englaciation   Hex/Ice        0%         N/A       100%        5
 Silence                  Hex/Air        0%         N/A       100%        5
 Summon Forest            Summ/Tloc      0%         N/A       100%        5
 Summon Mana Viper        Hex/Summ       0%         N/A       100%        5
 Yara's Violent Unravell  Hex/Tmut       0%         3d3       100%        5
 Freezing Cloud           Conj/Ice/Air   0%         6-21      100%        6
 Shadow Creatures         Summ           N/A        N/A       100%        6
 Simulacrum               Ice/Necr       0%         N/A       100%        6
 Summon Hydra             Summ           0%         N/A       100%        7
 Discord                  Hex            0%         N/A       100%        8


Dungeon Overview and Level Annotations

Branches:
Dungeon (15/15)            Temple (1/1) D:4            Lair (6/6) D:11
  Swamp (4/4) Lair:4       Spider (0/4) Lair:2        Slime (0/5) Lair:5
    Orc (2/2) D:11            Elf (0/3) Orc:2        Vaults (0/5) D:13
 Depths (0/5) D:15         Bailey (visited)

Altars:
Ashenzari
Cheibriados
Dithmenos
Elyvilon
Fedhas
Gozag
Hepliaklqana
Kikubaaqudgha
Makhleb
Nemelex Xobeh
Okawaru
Qazlal
Ru
Sif Muna
Trog
Uskayaw
Vehumet
Wu Jian
Xom
Yredelemnul
Zin
The Shining One
Beogh
Jiyva

Shops:
D:6 [(   Orc:2 :(:[*

Annotations:
Swamp:3 Donald, Lernaean hydra
Swamp:4 Bai Suzhen


Innate Abilities, Weirdness & Mutations

You have a pair of horns on your head.
You reflexively headbutt those who attack you in melee.


Message History

* * * LOW HITPOINT WARNING * * *
You block Donald's attack. Donald hits you but does no damage.
Donald says, "Is there a plague of frogs happening, or something?
At least it's not locusts."
There is an escape hatch in the ceiling here.
Donald hits you but does no damage.
Donald sighs.
You block Donald's attack. A mysterious force pulls you upwards.
The hatch slams shut behind you.
Level annotation: Lernaean hydra Your muscles tense, ready for explosive movement...
You spin and attack Donald, with incredible momentum.
You bludgeon Donald!! You headbutt Donald, but do no damage.
Donald is moderately wounded.
Donald blocks your attack.
You headbutt Donald, but do no damage.
Donald is moderately wounded.
Donald says, "I don't get what's so special about the number twenty-seven."
Donald barely misses you.
You puncture Donald!
Donald is heavily wounded.
Donald hits you but does no damage. Donald blocks your attack.
Donald is heavily wounded.
Donald hits you with a +3 broad axe of flaming!
* * * LOW HITPOINT WARNING * * *
Donald burns you.
* * * LOW HITPOINT WARNING * * *
You are confused.
You feel invigorated.
Donald says, "What's that horrible smell?
It's like... yuck."
Donald hits you with a +3 broad axe of flaming!!
* * * LOW HITPOINT WARNING * * *
Donald burns you.
* * * LOW HITPOINT WARNING * * *
You're too confused to move!
Donald is no longer moving quickly.
Donald hits you with a +3 broad axe of flaming!!
* * * LOW HITPOINT WARNING * * *
Donald burns you.
* * * LOW HITPOINT WARNING * * *
Donald hits you with a +3 broad axe of flaming!!
You die...

♣≈≈≈≈..≈≈..♣
♣.§≈≈.>÷≈.♣♣
♣♣...§..≈≈♣♣
♣...≈≈...≈♣♣
♣♣...≈≈.≈.≈♣♣
♣♣♣.≈≈....≈♣
♣♣.≈≈≈≈.≈♣♣
♣.§≈≈≈§≈.≈♣♣
♣@@≈≈≈≈≈..≈♣
♣.≈§≈.≈≈≈≈♣♣
♣♣♣♣♣♣.≈≈≈♣
♣♣≈..♣ ♣♣♣♣♣


You could see Donald (strong).

Vanquished Creatures
  Agnes (D:15)
  Kirke (D:15)
  A fenstrider witch (Swamp:1)
  An orc warlord (Orc:2)
  A juggernaut zombie (Swamp:2)
  A ghoul (Swamp:1)
  The ghost of Kauxt the Fighter, a journeyman DrVM of Sif Muna (Lair:6)
  8 bunyips
  2 eleionomae (Swamp:4)
  An ettin (Orc:2)
  2 fire dragons
  A shambling mangrove (Swamp:2)
  Josephine (Lair:6)
  A vault guard (D:13)
  9 boulder beetles
  The ghost of ma3 the Fighter, a journeyman DjCj (D:11)
  An ogre mage (D:13)
  An ice dragon (D:15)
  3 catoblepae
  4 centaur warriors
  2 ghost crabs
  A two-headed ogre (D:12)
  35 hydras
  2 dancing weapons (Abyss:3)
  8 alligators
  10 death yaks
  2 orc high priests (Orc:2)
  Urug (Orc:2)
  10 spriggans
  A thrashing horror (Abyss:3)
  A fire crab (Lair:6)
  9 skeletal warriors
  3 bunyip zombies (Swamp:2)
  A sixfirhy (Abyss:3)
  2 spriggan druids
  A death drake (Swamp:3)
  4 goliath frogs
  A bunyip skeleton (Swamp:2)
  A lindwurm (Lair:6)
  6 swamp dragons
  14 bog bodies
  Pikel (D:5)
  An orb spider (Lair:2)
  3 orc knights (Orc:2)
  4 deep elf pyromancers
  A necromancer (Swamp:2)
  6 orc sorcerers
  An oklob plant (Lair:1)
  3 manticores
  3 cyclopes
  A worldbinder (Abyss:3)
  4 will-o-the-wisps
  10 black mambas
  5 elephants (Lair:6)
  A rust devil (Abyss:3)
  The ghost of Capylives the Shield-Bearer, a novice DDFi (D:5)
  The ghost of Charly the Covert, a novice VSAK of Lugonu (D:7)
  3 molten gargoyles (Lair:6)
  An orange demon (Abyss:3)
  3 torpor snails
  2 gargoyles (D:13)
  14 cane toads
  4 rime drakes
  4 kobold demonologists
  An unseen horror (D:10)
  3 efreet (Abyss:3)
  9 komodo dragons
  2 tengu conjurers (D:15)
  An ancient zyme (Abyss:3)
  A queen bee (Lair:3)
  4 trolls
  9 tyrant leeches
  3 polar bears
  15 hornets
  5 blink frogs
  A raiju (Abyss:3)
  5 slime creatures (D:13)
  Prince Ribbit (D:6)
  3 centaur simulacra
  6 starcursed masses (Abyss:3)
  A spriggan (shapeshifter) (D:14)
  4 shadows
  Sigmund (D:3)
  29 yaks
  A vampire (D:13)
  15 basilisks
  7 wraiths
  2 ynoxinuls (Abyss:3)
  6 hogs (D:15)
  2 large abominations (Abyss:3)
  14 vampire mosquitoes
  9 wyverns
  A steam dragon (Lair:6)
  A redback simulacrum (D:15)
  A neqoxec (Abyss:3)
  Menkaure (D:5)
  4 hell hounds (Lair:6)
  17 swamp worms
  A warg (Orc:2)
  2 acid dragons
  Duvessa (D:4)
  20 water moccasins
  35 orc warriors
  5 swamp drakes
  A hornet zombie (D:6)
  5 ice beasts
  4 black bears
  9 ogres
  2 necrophages
  9 wolves
  A swamp dragon skeleton (Swamp:2)
  10 centaurs
  A phantom (D:5)
  A lemure (D:6)
  8 kobold brigands
  A wyvern zombie (D:5)
  A small abomination (Abyss:3)
  18 bullfrogs
  17 gnoll sergeants
  Dowan (D:4)
  4 scorpions
  2 water moccasin zombies
  34 killer bees
  5 howler monkeys
  A crimson imp (D:4)
  A quasit (Abyss:3)
  2 centaur zombies
  5 lava snakes (Lair:6)
  6 hounds
  2 bullfrog skeletons
  2 jellies
  27 orc priests
  A centaur skeleton (D:6)
  7 gnoll shamans
  5 iguanas
  27 orc wizards
  3 howler monkey zombies
  48 gnolls
  8 adders
  3 white imps
  An ufetubus (Abyss:3)
  2 dart slugs
  99 orcs
  4 ball pythons
  6 bats
  5 endoplasms
  10 goblins
  6 hobgoblins
  14 jackals
  23 kobolds
  3 quokkas (D:3)
  4 frilled lizards
  8 rats
950 creatures vanquished.

Vanquished Creatures (others)
  A black mamba (Lair:6)
  4 bloated husks
  2 spriggans (Swamp:4)
  2 bushes (D:11)
  14 foxfires
  34 fungi
  66 plants
123 creatures vanquished.

Grand Total: 1073 creatures vanquished

Notes
Turn   | Place    | Note
-------+----------+-------------------------------------------
     0 | D:1      | wakim the Minotaur Fighter began the quest for the Orb.
     0 | D:1      | Reached XP level 1. HP: 19/19 MP: 0/0
   305 | D:1      | Reached XP level 2. HP: 25/27 MP: 1/1
  1076 | D:2      | Reached XP level 3. HP: 33/33 MP: 2/2
  1793 | D:3      | Reached skill level 1 in Dodging
  1795 | D:3      | Noticed Sigmund
  2296 | D:3      | Reached XP level 4. HP: 40/40 MP: 3/3
  2412 | D:3      | Killed Sigmund
  2413 | D:3      | Reached skill level 5 in Armour
  2413 | D:3      | Reached XP level 5. HP: 23/47 MP: 4/4
  2413 | D:3      | Reached XP level 6. HP: 26/53 MP: 5/5
  3098 | D:4      | Noticed Dowan
  3098 | D:4      | Noticed Duvessa
  3130 | D:4      | Killed Duvessa
  3143 | D:4      | Killed Dowan
  3144 | D:4      | Reached skill level 5 in Maces & Flails
  3420 | D:4      | Found a shadowy altar of Dithmenos.
  3536 | D:4      | Found a staircase to the Ecumenical Temple.
  3564 | Temple   | Entered the Ecumenical Temple
  3757 | Temple   | Became a worshipper of the Wu Jian Council
  3807 | D:4      | Found an iron altar of Okawaru.
  4152 | D:4      | Reached XP level 7. HP: 59/60 MP: 6/6
  4154 | D:4      | Reached skill level 5 in Shields
  4437 | D:4      | Found a radiant altar of Vehumet.
  4438 | D:4      | Found a burning altar of Makhleb.
  4449 | D:4      | Reached skill level 5 in Fighting
  4700 | D:5      | Entered Level 5 of the Dungeon
  4878 | D:5      | Noticed Menkaure
  4888 | D:5      | Killed Menkaure
  5237 | D:5      | Reached XP level 8. HP: 67/69 MP: 7/7
  5423 | D:5      | Found a runed translucent gate.
  5423 | D:5      | Found a runed translucent gate.
  5423 | D:5      | Found a runed translucent gate.
  5423 | D:5      | Noticed Capylives's ghost (novice DDFi)
  5425 | D:5      | Found a basalt altar of Yredelemnul.
  6373 | D:6      | Noticed Prince Ribbit
  6399 | D:6      | Noticed Pikel
  6426 | D:5      | Killed Pikel
  6570 | D:6      | Killed Prince Ribbit
  6570 | D:6      | Reached * piety under Wu Jian
  6571 | D:6      | Reached XP level 9. HP: 66/78 MP: 8/8
  6680 | D:6      | Found Irhug's Armour Shop.
  6872 | D:6      | Bought a +2 pair of gloves for 165 gold pieces
  6916 | D:6      | Reached skill level 5 in Dodging
  6939 | D:6      | Found Kit Xuh's Antique Weapon Shoppe.
  7027 | D:6      | Found a white marble altar of Elyvilon.
  7764 | D:7      | Found a runed translucent door.
  7767 | D:7      | Identified the +0 ring mail of Analysis {rF+}
  8016 | D:7      | Reached ** piety under Wu Jian
  8294 | D:7      | Noticed Charly's ghost (novice VSAK)
  8438 | D:8      | Reached XP level 10. HP: 86/86 MP: 9/9
  8673 | D:7      | Killed Charly's ghost
  8674 | D:7      | Reached skill level 10 in Armour
  9385 | D:9      | Found a hide-covered altar of Uskayaw.
  9425 | D:9      | Noticed a cyclops
  9438 | D:9      | Killed a cyclops
  9439 | D:9      | Reached skill level 10 in Maces & Flails
  9439 | D:9      | Reached skill level 1 in Crossbows
  9652 | D:9      | Found an ancient bone altar of Kikubaaqudgha.
 10620 | D:10     | Entered Level 10 of the Dungeon
 10668 | D:10     | Found a stormy altar of Qazlal.
 11259 | D:10     | Noticed an eight-headed hydra
 11415 | D:9      | HP: 3/90 [eight-headed hydra (11)]
 11415 | D:9      | HP: 1/90 [eight-headed hydra (2)]
 11932 | D:10     | Found a shimmering altar of Xom.
 12277 | D:11     | Identified the +4 ring mail of the Comet {SInv}
 12354 | D:11     | Noticed a six-headed hydra
 12355 | D:11     | Noticed a six-headed hydra
 12356 | D:11     | Reached XP level 11. HP: 95/95 MP: 10/10
 12419 | D:11     | Killed a six-headed hydra
 12557 | D:11     | Found a staircase to the Lair.
 12650 | D:11     | Found a runed translucent gate.
 12650 | D:11     | Found a runed translucent gate.
 12652 | D:11     | Found a runed translucent gate.
 12674 | D:11     | Killed a six-headed hydra
 12713 | D:11     | Reached *** piety under Wu Jian
 12917 | D:11     | Noticed ma3's ghost (journeyman DjCj)
 13106 | D:11     | Found a staircase to the Orcish Mines.
 13965 | D:11     | Noticed an eight-headed hydra
 13974 | D:11     | Killed an eight-headed hydra
 14255 | D:11     | Killed ma3's ghost
 14639 | Lair:1   | Entered Level 1 of the Lair of Beasts
 15021 | Lair:1   | Reached XP level 12. HP: 78/105 MP: 11/11
 15330 | Lair:1   | Reached skill level 5 in Crossbows
 16354 | Lair:2   | Noticed a six-headed hydra
 16364 | Lair:2   | Killed a six-headed hydra
 16392 | Lair:2   | Reached skill level 10 in Fighting
 16718 | Lair:2   | Found a hole to the Spider Nest.
 17011 | Lair:2   | Reached skill level 10 in Shields
 17427 | Lair:2   | Noticed a catoblepas
 17442 | Lair:2   | Killed a catoblepas
 17618 | Lair:2   | Identified the amulet of the Falcon {Regen+ Dex+4}
 17987 | Lair:3   | Reached **** piety under Wu Jian
 18126 | Lair:3   | Found a snail-covered altar of Cheibriados.
 18737 | Lair:3   | Reached XP level 13. HP: 114/114 MP: 12/12
 19290 | Lair:4   | Found a bloodstained altar of Trog.
 19313 | Lair:4   | Identified a scroll of acquirement
 19313 | Lair:4   | Acquired the +10 morningstar "Jellyslayer" {vorpal, rF+
                  | rN+}
 19322 | Lair:4   | Acquired a ring of poison resistance
 19802 | Lair:4   | Found a staircase to the Swamp.
 20262 | Lair:5   | Acquired the amulet of Qeachod {*Slow +Blink rF+++ Regen+
                  | SInv}
 20640 | Lair:5   | Found a viscous altar of Jiyva.
 20640 | Lair:5   | Found a staircase to the Slime Pits.
 20762 | Lair:6   | Entered Level 6 of the Lair of Beasts
 20865 | Lair:6   | Found a runed translucent gate.
 20865 | Lair:6   | Found a runed translucent gate.
 20865 | Lair:6   | Found a runed translucent gate.
 20869 | Lair:6   | Noticed Kauxt's ghost (journeyman DrVM)
 20897 | Lair:6   | Reached XP level 14. HP: 101/124 MP: 13/13
 21134 | Lair:6   | Noticed Josephine
 21137 | Lair:6   | Killed Josephine
 21149 | Lair:6   | Identified the +9 whip of Patterns {protect, rF++}
 21233 | Lair:6   | Reached skill level 10 in Dodging
 21265 | Lair:6   | Reached skill level 15 in Maces & Flails
 21842 | Lair:6   | Found a large runed translucent door.
 21843 | Lair:6   | Found a large runed translucent door.
 21854 | Lair:6   | Reached skill level 15 in Armour
 22202 | D:5      | Killed Capylives's ghost
 22436 | D:12     | Found a flagged portal.
 22469 | D:12     | Reached ***** piety under Wu Jian
 22493 | Bailey   | Entered a bailey
 22885 | D:12     | Found a flickering gateway to a bazaar.
 22894 | Bazaar   | Entered a bazaar
 22900 | Bazaar   | Found Byrhimiure's Jewellery Emporium.
 22900 | Bazaar   | Found Kurucik's Book Shoppe.
 22923 | Bazaar   | Bought the ring "Ozo Haor" {rN++ Will+} for 595 gold pieces
 23187 | D:12     | You fall into a shaft and drop 3 floors!
 23187 | D:15     | Entered Level 15 of the Dungeon
 23194 | D:15     | Cast into level 3 of the Abyss (skeletal warrior)
 23195 | Abyss:3  | Noticed a bone dragon
 23291 | Abyss:3  | Noticed a starcursed mass
 23297 | Abyss:3  | Noticed a lich
 23476 | Abyss:3  | Reached XP level 15. HP: 132/132 MP: 14/14
 23569 | Abyss:3  | Noticed a daeva
 23574 | D:15     | Escaped the Abyss
 23684 | D:15     | Noticed Agnes
 23690 | D:15     | Killed Agnes
 23816 | D:15     | Noticed Kirke
 23826 | D:15     | Killed Kirke
 24446 | D:14     | Identified the +10 rapier of Ru {pain, Will+ Stlth+}
 24774 | D:14     | Identified the +4 scythe of Malaise {drain, rPois rN+
                  | Str+3}
 24983 | D:13     | Found a gate to the Vaults.
 25340 | D:13     | Identified the +10 war axe "Killer Bee's Bane" {venom, +Inv
                  | Str+2 Int+5}
 25614 | D:13     | Identified the +4 hand axe of the Pyrrhic Victory {elec,
                  | MP+9 Str+3}
 25909 | Orc:1    | Entered Level 1 of the Orcish Mines
 25910 | Orc:1    | Reached ****** piety under Wu Jian
 26248 | Orc:2    | Entered Level 2 of the Orcish Mines
 26248 | Orc:2    | Found Evill's Book Boutique.
 26254 | Orc:2    | Found a staircase to the Elven Halls.
 26311 | Orc:2    | Reached skill level 10 in Crossbows
 26775 | Orc:2    | Noticed an orc warlord
 26855 | Orc:2    | Noticed Urug
 26868 | Orc:2    | Killed Urug
 27145 | Orc:2    | Reached skill level 15 in Shields
 27160 | Orc:2    | Paralysed by an orc sorcerer for 3 turns
 27237 | Orc:2    | Killed an orc warlord
 27279 | Orc:2    | Reached XP level 16. HP: 144/144 MP: 15/15
 27529 | Orc:2    | Found Sucuaduc's General Store.
 27530 | Orc:2    | Found Wiquidil's Book Emporium.
 27532 | Orc:2    | Found Ozomp's Antique Armour Emporium.
 27532 | Orc:2    | Found Yngucy's Antique Weapon Shoppe.
 27536 | Orc:2    | Bought a black opal-encrusted plate armour for 868 gold
                  | pieces
 27536 | Orc:2    | Identified the +1 plate armour of Privacy {+Inv rElec
                  | Stlth+} (You bought it in a shop on level 2 of the Orcish
                  | Mines)
 27570 | Orc:2    | Bought a pair of spiked gloves for 294 gold pieces
 27570 | Orc:2    | Identified the +2 pair of gloves of Inquiry {rPois MP+9
                  | Stlth+} (You bought it in a shop on level 2 of the Orcish
                  | Mines)
 28400 | D:15     | Found a staircase to the Depths.
 28756 | Lair:6   | Killed Kauxt's ghost
 29013 | Swamp:1  | Entered Level 1 of the Swamp
 29188 | Swamp:1  | Acquired the +0 cloak of Foabeploax {rF+ Regen+}
 29822 | Swamp:2  | Found an ancient bone altar of Kikubaaqudgha.
 29890 | Swamp:2  | Identified the Grimoire of Black Secrets
 30812 | Swamp:3  | Reached XP level 17. HP: 143/154 MP: 16/16
 30897 | Swamp:4  | Entered Level 4 of the Swamp
 31122 | Swamp:4  | Noticed Donald
 31149 | Swamp:4  | Reached skill level 15 in Fighting
 31307 | Swamp:4  | Noticed the 27-headed Lernaean hydra
 31444 | Swamp:4  | Noticed Bai Suzhen
 31485 | Swamp:3  | HP: 7/156 [Donald/+3 broad axe of flaming (22)]
 31485 | Swamp:3  | Demolished by Donald

Illustrated notes

Levels and vault maps discovered:
D:1:      nzn_arrival_depleted_hourglass, layout_basic
D:2:      layout_basic, minmay_pentomino_p2
D:3:      layout_loops_ring, serial_park_tiny_2, guppyfry_early_lair_pool,
          uniq_sigmund
D:4:      layout_loops_corners, grunt_temple_overflow_lords_of_destruction,
          okawaru_gym_becter, grunt_dithmenos_smoke_and_mirrors,
          minmay_temple_entry_mist, minmay_misc_feat_cross, grunt_ministairs_4,
          minivault_19, uniq_duvessa
D:5:      kennysheep_spiral_hall, layout_loops_ring,
          nicolae_yredelemnul_ghost_church, uniq_menkaure
D:6:      layout_rooms, elyvilon_altar_5, serial_shops, shop_statue,
          nicolae_shop_statue_plus, uniq_pikel, uniq_prince_ribbit1
D:7:      layout_cave_pools, ebering_ghost_reflecting_pool, minmay_microvault
D:8:      layout_rooms
D:9:      layout_gridville, nicolae_uskayaw_dance_studio,
          kiku_gazebo_pond_becter, minivault_24
D:10:     layout_basic, kennysheep_mini, kennysheep_mini_moat
D:11:     layout_basic, minmay_lair_entry_grove,
          kennysheep_orc_monster_closet_entryway, gammafunk_ghost_icy
D:12:     layout_cave_pools, enter_bailey_5, serial_shops, bzr_entry_gold
D:13:     layout_stronghold, david_vaults_5
D:14:     layout_layer_cave
D:15:     grunt_enter_depths_hoard, layout_rooms, hangedman_decor_cross_pass,
          uniq_agnes, uniq_kirke
Temple:   minmay_temple_bridge_abc
Lair:1:   layout_roguey, grunt_megastairs_2, minmay_lair_oklob_chamber
Lair:2:   wander_river, layout_loops_ring, nicolae_spider_entry_orb_guardian,
          chequers_serial_rivers_marsh
Lair:3:   layout_cave_pods, special_room [special_room_bee],
          grunt_forest_stairs_basic, minivault_11, kennysheep_snail_temple
Lair:4:   layout_layer_cave, palyth_hydra_swamp_entry, basic_altar,
          serial_bayou_shore_b, lemuel_fruit_tree
Lair:5:   layout_small_grid, slime_altar_1, grunt_megastairs_5
Lair:6:   cheibrodos_lair_end_hotspot, layout_misc_corridors,
          gammafunk_ghost_hydra_chop, st_stairs_11, nzn_sisyphean_effort,
          uniq_josephine
Swamp:1:  layout_basic_swamp, nicolae_swamp_triple_paths,
          infiniplex_staircase_pool
Swamp:2:  layout_basic_swamp, evilmike_swamp_ruin_house_1, swamp_pool1,
          beargit_kiku_chapel
Swamp:3:  layout_basic_swamp, nicolae_swamp_dense_foliage
Swamp:4:  grunt_swamp_rune_castle, layout_basic_swamp, ebering_ghost_xom,
          swamp_pool1, nicolae_swamp_bunyip_nook, uniq_bai_suzhen, uniq_donald
Orc:1:    layout_caves
Orc:2:    st_orc_congregation, layout_diamond_mine, basic_altar, serial_shops,
          shop, mines2_david, uniq_urug

Skill      XL: |  1  2  3  4  5  6  7  8  9 10 11 12 13 14 15 16 17 |
---------------+----------------------------------------------------+-----
Armour         | 4 5 7 8 9 11 12 13 14 15 16 17 | 17.5
Maces & Flails | 3 4 5 6 8 9 10 12 13 14 15 16 17 | 17.4
Shields        | 4 5 6 7 8 9 10 11 13 15 | 15.8
Dodging        | 1 2 3 4 5 6 7 8 9 10 11 13 | 13.6
Fighting       | 4 5 6 7 8 9 10 11 12 13 14 15 | 15.1
Crossbows      | 2 4 6 7 8 10 | 10.0

Action                   |  1- 3 |  4- 6 |  7- 9 | 10-12 | 13-15 | 16-18 || total
-------------------------+-------+-------+-------+-------+-------+-------++-------
Melee: Flail             |   127 |   113 |   338 |   943 |    24 |       ||  1545
       Headbutt          |    16 |    24 |    65 |   211 |   256 |   171 ||   743
       Morningstar       |       |       |       |       |  1124 |   708 ||  1832
 Fire: Hand crossbow     |       |       |       |    15 |     8 |       ||    23
Throw: Throwing net      |       |     1 |       |       |       |       ||     1
Invok: Lunge             |       |     4 |    14 |    50 |   107 |    57 ||   232
       Whirlwind         |       |       |     9 |    88 |   458 |   275 ||   830
       Serpent's Lash    |       |       |       |    11 |    22 |     9 ||    42
 Abil: Wall Jump         |       |       |     1 |    11 |       |       ||    12
Evoke: Wand              |       |       |     2 |     4 |       |       ||     6
  Use: Scroll            |     2 |     5 |     6 |     9 |    12 |     5 ||    39
       Potion            |     1 |       |       |     1 |     3 |     2 ||     7
 Stab: Petrified         |       |       |       |     4 |       |       ||     4
Armor: Scale mail        |     5 |       |       |       |       |       ||     5
       Plate armour      |    89 |    93 |   210 |   512 |   433 |   401 ||  1738
Dodge: Dodged            |    28 |    31 |   106 |   299 |   340 |   302 ||  1106
Block: Kite shield       |    85 |    81 |   190 |   548 |   613 |   467 ||  1984

Table legend: (Time is in decaauts)
 A = Elapsed time spent in this place.
 B = Non-inter-level travel time spent in this place.
 C = Inter-level travel time spent in this place.
 D = Time resting spent in this place.
 E = Time spent auto-exploring this place.
 F = Levels seen in this place.
 G = Mean time per level.
                   A        B        C        D        E       F      G
               +--------+--------+--------+--------+--------+-----+--------+
         Total |  31847 |  30193 |   1654 |    429 |  23092 |  31 | 1027.3 |
       Dungeon |  18696 |  17577 |   1119 |    202 |  13881 |  15 | 1246.4 |
        Temple |    479 |    469 |     10 |    164 |    255 |   1 |  479.0 |
          Lair |   7492 |   7127 |    365 |      0 |   5740 |   6 | 1248.7 |
         Swamp |   2657 |   2585 |     72 |      0 |   1744 |   4 |  664.2 |
  Orcish Mines |   1781 |   1694 |     87 |      0 |   1214 |   2 |  890.5 |
         Abyss |    364 |    364 |      0 |     63 |     49 |   1 |  364.0 |
        Bazaar |     37 |     37 |      0 |      0 |     19 |   1 |   37.0 |
        Bailey |    337 |    337 |      0 |      0 |    190 |   1 |  337.0 |
               +--------+--------+--------+--------+--------+-----+--------+

Top non-repeatable levels by time:
    D:11: 2472 daAuts
     D:5: 1972 daAuts
     D:9: 1680 daAuts
  Lair:2: 1580 daAuts
  Lair:6: 1456 daAuts
    D:10: 1367 daAuts
   Orc:2: 1347 daAuts
     D:2: 1317 daAuts
  Lair:1: 1311 daAuts
     D:6: 1289 daAuts
  Lair:3: 1284 daAuts
     D:3: 1225 daAuts
     D:4: 1151 daAuts
    D:14: 1131 daAuts
  Lair:4: 1127 daAuts
